 Dungeon Crawl Stone Soup version 0.27.1-1-g398f81649c (webtiles) character file.

Game seed: 7307763011934865577

233 Woods the Cudgeller (level 5, -4/41 HPs)
             Began as a Demonspawn Fighter on Sept 21, 2021.
             Slain by an iguana (10 damage)
             ... on level 3 of the Dungeon.
             The game lasted 00:03:20 (3421 turns).

Woods the Cudgeller (Demonspawn Fighter)            Turns: 3421, Time: 00:03:21

Health: -4/41      AC:  9    Str: 17    XL:     5   Next: 75%
Magic:  5/5        EV:  4    Int:  9    God:
Gold:   138        SH:  8    Dex: 13    Spells: 4/4 levels left

rFire    . . .     SeeInvis .   a - +0 flail
rCold    . . .     Faith    .   c - +0 kite shield
rNeg     . . .     Spirit   .   l - +0 chain mail
rPois    +         Reflect  .   h - +1 hat
rElec    .         Harm     .   (no cloak)
rCorr    .         Rampage  .   (no gloves)
Will     .....                  (no boots)
Stlth    ..........             (no amulet)
HPRegen  0.13/turn              r - ring of poison resistance
MPRegen  0.09/turn              (no ring)

@: no status effects
A: horns 1, ignite blood 1
a: no special abilities


You were on level 3 of the Dungeon.
You visited 1 branch of the dungeon, and saw 4 of its levels.

You collected 138 gold pieces.

Inventory:

Hand Weapons
 a - a +0 flail (weapon)
Armour
 c - a +0 kite shield (worn)
 h - a +1 hat (worn)
 l - a +0 chain mail (worn)
 q - a +0 plate armour
Jewellery
 e - a ring of ice
 i - a ring of ice
 r - a ring of poison resistance (left hand)
Scrolls
 f - 2 scrolls of teleportation {unknown}
 g - 2 scrolls of fog {unknown}
 m - a scroll of magic mapping {unknown}
 n - a scroll of identify {unknown}
 o - a scroll of fear {unknown}
 p - a scroll of noise {unknown}
Potions
 b - 2 potions of mutation {unknown}
 d - 2 potions of might
 j - a potion of magic {unknown}
 k - 2 potions of attraction {unknown}


   Skills:
 - Level 3.0 Fighting
 + Level 5.5 Maces & Flails
 - Level 2.7 Armour
 - Level 2.7 Shields


You had 4 spell levels left.
You didn't know any spells.
Your spell library contained the following spells:

 Spells                   Type           Power      Damage    Failure   Level
 Sting                    Tmut/Pois      0%         1d3       100%        1
 Corpse Rot               Necr/Air       N/A        N/A       100%        2
 Poisonous Vapours        Pois/Air       0%         N/A       100%        2
 Slow                     Hex            0%         N/A       100%        2
 Static Discharge         Conj/Air       0%         N/A       100%        2
 Confusing Touch          Hex            0%         N/A       100%        3
 Summon Lightning Spire   Summ/Air       0%         N/A       100%        4
 Freezing Cloud           Conj/Ice/Air   0%         6-21      100%        5
 Lightning Bolt           Conj/Air       0%         1d11      100%        5
 Summon Forest            Summ/Tloc      0%         N/A       100%        5
 Yara's Violent Unravell  Hex/Tmut       0%         3d3       100%        5
 Maxwell's Capacitive Co  Air            0%         ∞         100%        8


Dungeon Overview and Level Annotations

Branches:
Dungeon (4/15)
 Temple: D:4-7

Altars:
Xom

Shops:
D:2 [   D:3 :


Innate Abilities, Weirdness & Mutations

You have a pair of small horns on your head.
Your demonic aura sometimes causes spilled blood to erupt in flames.


Message History

d - 2 potions of might (gained 1)
You see here 12 stones.
Found a viscous ruby potion.
b - 2 viscous ruby potions (gained 1)
Found 16 stones.
There is an abandoned shop here.
A ball python comes into view.
The ball python hisses angrily.
A ball python is nearby!
A ball python is nearby!
A ball python is nearby!
You closely miss the ball python. You headbutt the ball python.
You kill the ball python!
No target in view!
Found a stone staircase leading down.
There is a stone staircase leading down here.
An iguana comes into view.
The iguana hisses angrily.
An iguana is nearby!
An iguana is nearby!
An iguana is nearby!
You block the iguana's attack.
You closely miss the iguana.
You headbutt the iguana, but do no damage.
The iguana barely misses you.
You barely miss the iguana. Your headbutt misses the iguana.
The iguana bites you!
You barely miss the iguana. The iguana bites you. The iguana bites you!
Your chain mail prevents you from hitting the iguana.
The iguana bites you!
Your chain mail prevents you from hitting the iguana.
You headbutt the iguana!
The iguana is heavily wounded.
You block the iguana's attack.
You hit the iguana.
The iguana is severely wounded.
The iguana bites you!
* * * LOW HITPOINT WARNING * * *
The iguana bites you!
You die...

....#.# #.###.# ##..#.#
#.....# #..#.#
###.####### #..#.#
#.#.....# #..#..
###.#.....# #..... .
..######...♣.♣.♣.####
.....#
...#>......>..#.........
....
.....#####.#..♣...♣.####
......l@..###)#....#....
....######.#..♣.♣#♣.####
. #.#.......#
###########


You could see an iguana.

Vanquished Creatures
  A scorpion (D:3)
  An orc priest (D:3)
  An orc wizard (D:3)
  3 adders
  2 worms (D:2)
  4 dart slugs
  9 orcs
  7 endoplasms
  A giant cockroach (D:2)
  5 goblins
  7 hobgoblins
  7 jackals (D:2)
  3 quokkas
  8 ball pythons
  2 bats
  2 frilled lizards
  3 kobolds
  5 rats
71 creatures vanquished.

Vanquished Creatures (others)
  2 plants (D:3)
2 creatures vanquished.

Grand Total: 73 creatures vanquished

Notes
Turn   | Place    | Note
-------+----------+-------------------------------------------
     0 | D:1      | Woods the Demonspawn Fighter began the quest for the Orb.
     0 | D:1      | Reached XP level 1. HP: 18/18 MP: 1/1
   102 | D:1      | Reached skill level 2 in Maces & Flails
   227 | D:1      | Gained mutation: Your demonic aura sometimes causes spilled
                  | blood to erupt in flames. [demonic ancestry]
   227 | D:1      | Reached XP level 2. HP: 17/24 MP: 2/2
  1137 | D:2      | Reached skill level 3 in Maces & Flails
  1147 | D:2      | Reached XP level 3. HP: 13/29 MP: 3/3
  1350 | D:2      | Found Dobruos's Antique Armour Shop.
  1496 | D:2      | Found a faded altar of an unknown god.
  2077 | D:2      | Gained mutation: You have a pair of small horns on your
                  | head. [demonic ancestry]
  2077 | D:2      | Reached XP level 4. HP: 30/35 MP: 4/4
  2152 | D:2      | Found a shimmering altar of Xom.
  2318 | D:3      | Reached skill level 4 in Maces & Flails
  2329 | D:3      | Got Erchoedghe's Disquisition on Creative Poisoning
  2613 | D:3      | You fall into a shaft and drop 1 floor!
  2703 | D:3      | Reached XP level 5. HP: 17/41 MP: 5/5
  2999 | D:3      | Reached skill level 5 in Maces & Flails
  3062 | D:3      | Found Oten's Book Emporium.
  3421 | D:3      | Slain by an iguana

Illustrated notes

Levels and vault maps discovered:
D:1:      sevenhm_arrival_forest_fort_large_2, layout_basic
D:2:      layout_loops_cross, shapermc_ecumenical_altar_flowoftime, basic_altar,
          serial_shops, shop, minmay_bisected
D:3:      layout_loops_ring, serial_shops,
          nicolae_shop_competitors_out_of_business, serial_forest,
          infiniplex_forest_end_2, infiniplex_forest_lined_1,
          infiniplex_forest_straight_4, infiniplex_forest_lined_room_,
          infiniplex_forest_zigzag_1, infiniplex_forest_lined_ring,
          infiniplex_forest_corner_1
D:4:      minmay_polygon_palace, layout_loops_ring, minmay_temple_entry_mist,
          serial_shops, shop, chequers_serial_rivers_marsh, st_stairs_14

Skill      XL: |  1  2  3  4  5 |
---------------+----------------+-----
Maces & Flails | 2 3 4 5 |  5.5
Fighting       | |  3.0
Armour         | |  2.7
Shields        | |  2.7

Action                   |  1- 3 |  4- 6 || total
-------------------------+-------+-------++-------
Melee: Flail             |   142 |   106 ||   248
       Headbutt          |       |    19 ||    19
Armor: Scale mail        |    47 |       ||    47
       Chain mail        |    46 |    64 ||   110
Dodge: Dodged            |    27 |    13 ||    40
Block: Kite shield       |    80 |    46 ||   126
